 Dungeon Crawl Stone Soup version 0.20-a0-1040-gfd09691 (webtiles) character file.

975 Alarkh the Carver (level 7, -2/50 HPs)
             Began as a Demonspawn Skald on Apr 23, 2017.
             Slain by Prince Ribbit (18 damage)
             ... on level 5 of the Dungeon.
             The game lasted 00:08:38 (8246 turns).

Alarkh the Carver (Demonspawn Skald)                Turns: 8246, Time: 00:08:38

Health: -2/50      AC:  7    Str: 11    XL:     7   Next: 95%
Magic:  10/10      EV: 11    Int: 17    God:
Gold:   260        SH:  0    Dex: 12    Spells: 3/10 levels left

rFire    + + .     SeeInvis .   a - +0 falchion
rCold    + . .     Gourm    .   (no shield)
rNeg     . . .     Faith    .   i - +1 leather armour {rF+}
rPois    +         Spirit   .   u - +2 helmet
rElec    .         Reflect  .   (no cloak)
rCorr    +         Harm     .   (no gloves)
MR       .....                  (no boots)
Stlth    +.........             (no amulet)
Regen    0.2/turn               f - ring of protection from cold
MPRegen  0.2/turn               r - ring of resist corrosion

@: very slightly contaminated
A: talons 1, fire resistance 1, poison resistance, powered by death 1, flame
cloud immunity
a: no special abilities


You were on level 5 of the Dungeon.
You were near starving.

You visited 1 branch of the dungeon, and saw 5 of its levels.

You collected 260 gold pieces.

Inventory:

Hand Weapons
 a - a +0 falchion (weapon)
Armour
 b - a +0 leather armour
 i - a +1 leather armour of fire resistance (worn)
 u - a +2 helmet (worn)
Jewellery
 f - a ring of protection from cold (left hand)
 o - an uncursed ring of fire
 r - a ring of resist corrosion (right hand)
 x - an uncursed ring of fire
Wands
 z - a wand of disintegration (2/24)
Scrolls
 e - a scroll of identify
 g - 2 scrolls of recharging {unknown}
 j - 5 scrolls of remove curse
 k - a scroll of torment {unknown}
 l - a scroll of blinking {unknown}
 p - 2 scrolls of amnesia {unknown}
 q - 3 scrolls of fog
 t - a scroll of enchant armour
 v - 2 scrolls of enchant weapon {unknown}
 w - a scroll of magic mapping {unknown}
 y - a scroll of noise {unknown}
 A - a scroll of teleportation {unknown}
 B - a scroll of fear {unknown}
Potions
 h - a potion of brilliance
Books
 c - a book of Battle

   Spells                             Type                      Level
   a - Infusion                       Charms                       1
   b - Shroud of Golubria             Charms/Translocation         2
   c - Song of Slaying                Charms                       2
   d - Spectral Weapon                Hexes/Charms                 3
   e - Regeneration                   Charms/Necromancy            3
Comestibles
 d - 4 bread rations
 m - a royal jelly
 s - a fruit


   Skills:
 - Level 2.0 Fighting
 * Level 8.5 Long Blades
 - Level 0.8 Armour
 - Level 1.7 Dodging
 + Level 2.1 Spellcasting
 + Level 2.9 Charms


You had 3 spell levels left.
You knew the following spells:

 Your Spells              Type           Power        Failure   Level  Hunger
a - Infusion              Chrm           ##..         8%          1    #......
c - Spectral Weapon       Hex/Chrm       #.......     38%         3    ###....
e - Regeneration          Chrm/Necr      #.........   38%         3    ###....


Dungeon Overview and Level Annotations

Branches:
Dungeon (5/15)
 Temple: D:4-7

Altars:
Dithmenos
Zin
The Shining One

Annotations:
D:5 1 runed door, Prince Ribbit


Innate Abilities, Weirdness & Mutations

You have sharp toenails.
Your flesh is heat resistant. (rF+)
You regenerate a little health from kills.
You are immune to clouds of flame.
Your system is resistant to poisons. (rPois)


Message History

You feel invigorated.
Prince Ribbit hits you but does no damage.
Prince Ribbit hits you! Prince Ribbit hits you!!
You feel less invigorated.
You feel less confused. Prince Ribbit hits you!
* * * LOW HITPOINT WARNING * * *
Prince Ribbit closely misses you.
Prince Ribbit blinks!
Prince Ribbit blinks!
Prince Ribbit hops awkwardly around.
There is an open door here.
You close the door.
You start resting.
Prince Ribbit lets out a mournful croak.
Prince Ribbit croaks regally.
Prince Ribbit hops awkwardly around.
There is a stone staircase leading up here.
Prince Ribbit hits you!!
You die...

.......##.#.##.............#.#
.......## #.###....###...#.#.#
.......# #.##.....###.#.....#
.......####..+.......#.###.###
........F...##.......#.....#
............##.......#######
####........##.......#
#........##..F....#
...........##..@....#
............##.......#
............###......#
............# #......#
............# #......#
########


You could see Prince Ribbit.

Vanquished Creatures
  Eustachio (D:3)
  An ice beast (D:5)
  A sky beast (D:5)
  A centaur (D:4)
  A scorpion (D:5)
  A bullfrog zombie (D:5)
  A jelly (D:5)
  3 orc priests
  4 orc wizards
  An iguana (D:3)
  A worker ant (D:4)
  A howler monkey skeleton (D:4)
  10 adders
  An ooze (D:1)
  An adder zombie (D:5)
  An adder skeleton (D:4)
  4 worms
  A dart slug (D:4)
  4 leopard geckos
  13 orcs
  2 ball pythons
  3 giant cockroaches (D:1)
  5 goblins
  6 hobgoblins
  8 jackals
  7 kobolds
  2 quokkas
  11 bats
  8 frilled lizards
  11 rats
115 creatures vanquished.

Vanquished Creatures (others)
  2 spectral weapons
2 creatures vanquished.

Grand Total: 117 creatures vanquished

Notes
Turn   | Place    | Note
-------+----------+-------------------------------------------
     0 | D:1      | Alarkh the Demonspawn Skald began the quest for the Orb.
     0 | D:1      | Reached XP level 1. HP: 16/16 MP: 3/3
    60 | D:1      | Reached skill level 2 in Long Blades
   288 | D:1      | Gained mutation: Your flesh is heat resistant. (rF+) [demonic ancestry]
   288 | D:1      | Reached XP level 2. HP: 22/22 MP: 5/5
   466 | D:1      | Reached skill level 3 in Long Blades
   640 | D:1      | Gained mutation: You are immune to clouds of flame. [demonic ancestry]
   640 | D:1      | Reached XP level 3. HP: 27/27 MP: 6/6
  1650 | D:2      | Reached XP level 4. HP: 31/33 MP: 2/7
  1786 | D:2      | Reached skill level 4 in Long Blades
  1931 | D:2      | Learned a level 3 spell: Regeneration
  1935 | D:2      | Learned a level 3 spell: Spectral Weapon
  2461 | D:2      | Found a glowing golden altar of the Shining One.
  2679 | D:3      | Found a shadowy altar of Dithmenos.
  3607 | D:3      | Gained mutation: You regenerate a little health from kills. [demonic ancestry]
  3607 | D:3      | Reached XP level 5. HP: 24/38 MP: 4/8
  3999 | D:3      | Reached skill level 5 in Long Blades
  4960 | D:4      | Noticed Eustachio
  5181 | D:3      | Killed Eustachio
  5181 | D:3      | Reached skill level 6 in Long Blades
  5181 | D:3      | Gained mutation: You have sharp toenails. [demonic ancestry]
  5181 | D:3      | Reached XP level 6. HP: 12/44 MP: 9/9
  6035 | D:4      | Found a glowing silver altar of Zin.
  6036 | D:4      | Noticed an angel
  6114 | D:5      | Entered Level 5 of the Dungeon
  6774 | D:4      | Reached skill level 7 in Long Blades
  6774 | D:4      | Reached XP level 7. HP: 44/50 MP: 6/10
  6893 | D:5      | Gained mutation: Your system is resistant to poisons. (rPois) [mutagenic meat]
  7050 | D:5      | Found a runed door.
  7336 | D:5      | Reached skill level 8 in Long Blades
  7601 | D:5      | Noticed Prince Ribbit
  8246 | D:5      | Slain by Prince Ribbit

Vault maps used:
D:1:      minmay_arrival_nine_rooms
D:2:      marbit_many_paths
D:3:      grunt_dithmenos_smoke
D:4:      zin_angel, uniq_eustachio
D:5:      first_bread, uniq_prince_ribbit1, uniq_crazy_yiuf_cottage

Skill      XL: |  1  2  3  4  5  6  7 |
---------------+----------------------+-----
Long Blades    | 2 3 4 6 7 8 |  8.5
Fighting       | |  2.0
Armour         | |  0.8
Dodging        | |  1.7
Spellcasting   | |  2.1
Charms         | |  2.9

Action                   |  1- 3 |  4- 6 |  7- 9 || total
-------------------------+-------+-------+-------++-------
Melee: Falchion          |   160 |   235 |   112 ||   507
       Kick              |       |    14 |    24 ||    38
 Cast: Infusion          |     7 |    20 |     1 ||    28
       Spectral Weapon   |       |     7 |     7 ||    14
  Use: Scroll            |     1 |     5 |       ||     6
       Potion            |     1 |     6 |     2 ||     9
 Stab: Sleeping          |       |     1 |       ||     1
       Distracted        |       |       |     2 ||     2
  Eat: Chunk             |     3 |    16 |     7 ||    26
       Fruit             |       |     1 |     1 ||     2
Armor: Leather armour    |    60 |    75 |    46 ||   181
Dodge: Dodged            |   144 |   159 |    57 ||   360
       Rpst.: Falchion   |    52 |    55 |    16 ||   123
